 Dungeon Crawl Stone Soup version 0.22.1-1-ga44c0e56f4 (webtiles) character file.

135 D1HalberdGnoll the Fighter (level 5, 0/54 HPs)
             Began as a Gnoll Wanderer on Nov 5, 2018.
             Slain by an orc wizard
             ... wielding a +0 dagger
              (4 damage)
             ... on level 2 of the Dungeon.
             The game lasted 00:01:43 (1264 turns).

D1HalberdGnoll the Fighter (Gnoll Wanderer)         Turns: 1264, Time: 00:01:44

Health: 0/54       AC:  5    Str: 13    XL:     5   Next: 18%
Magic:  5/7        EV: 13    Int: 15    God:
Gold:   72         SH:  0    Dex: 16    Spells: 6/6 levels left

rFire    . . .     SeeInvis .   b - +0 hand axe
rCold    . . .     Gourm    .   (no shield)
rNeg     . . .     Faith    .   a - +2 leather armour
rPois    .         Spirit   .   (no helmet)
rElec    .         Reflect  .   (no cloak)
rCorr    .         Harm     .   (no gloves)
MR       .....                  (no boots)
Stlth    +++.......             (no amulet)
HPRegen  0.18/turn              (no ring)
MPRegen  0.10/turn              (no ring)

@: about to teleport, hasted, very quick
A: distributed training, fangs 1, strong nose
a: no special abilities


You were on level 2 of the Dungeon.
You were not hungry.

You visited 1 branch of the dungeon, and saw 2 of its levels.

You collected 72 gold pieces.

Inventory:

Hand Weapons
 b - a +0 hand axe (weapon)
 d - a +0 dagger
Armour
 a - a +2 leather armour (worn)
 i - a scarf of spirit shield
 l - a +0 pair of boots
Scrolls
 e - a scroll of immolation
 g - 3 scrolls of remove curse
Comestibles
 f - 2 rations


   Skills:
 + Level 10.4 Fighting
 + Level 1.3 Short Blades
 + Level 1.3 Long Blades
 + Level 2.9 Axes
 + Level 1.3 Maces & Flails
 + Level 1.3 Polearms
 + Level 1.3 Staves
 + Level 1.3 Slings
 + Level 1.3 Bows
 + Level 1.3 Crossbows
 + Level 1.3 Throwing
 + Level 1.3 Armour
 + Level 2.9 Dodging
 + Level 6.1 Stealth
 + Level 1.3 Shields
 + Level 1.3 Unarmed Combat
 + Level 1.3 Spellcasting
 + Level 1.1 Conjurations
 + Level 1.1 Hexes
 + Level 1.1 Charms
 + Level 1.1 Summonings
 + Level 1.1 Necromancy
 + Level 1.1 Translocations
 + Level 1.1 Transmutations
 + Level 1.1 Fire Magic
 + Level 1.1 Ice Magic
 + Level 1.1 Air Magic
 + Level 1.1 Earth Magic
 + Level 1.1 Poison Magic
 + Level 1.5 Invocations
 + Level 1.3 Evocations


You had 6 spell levels left.
You didn't know any spells.
Your spell library was empty.

Dungeon Overview and Level Annotations

Branches:
Dungeon (2/15)

Altars:

Annotations:
D:2 Natasha


Innate Abilities, Weirdness & Mutations

Your experience applies equally to all skills.
You have very sharp teeth.
Your uncanny sense of smell can sniff out nearby items.


Message History

Natasha, Servant of Life and Death comes into view.
Something hits you but does no damage. The goblin completely misses you.
You closely miss the goblin.
Natasha hisses angrily.
You hit something but do no damage. Something hits you.
* * * LOW HITPOINT WARNING * * *
The goblin drinks a potion.
The goblin seems to grow stronger.
You aren't carrying any potions.
Unknown command.
As you read the scroll of teleportation, it crumbles to dust.
You feel strangely unstable.
You closely miss the goblin. You hit something but do no damage.
Something hits you.
* * * LOW HITPOINT WARNING * * *
The goblin hits you.
* * * LOW HITPOINT WARNING * * *
You slash the goblin!
You kill the goblin!
You miss something. Something hits you.
You die...

.# #.......# . .
#.......# #.#.#.......#.#
..#.......#.###
###.............# ...#h..
#...#.#
.###.#.)####...#.##
........@$.#......#######
####.#.[##...............
#.)..........######.
#.#####.#.#.## #. ...
...#.#.# #. #.#.
.......#.# ####.
∆...###########.# #....
### #.# #.##. #.# #.##.


You could see Natasha.

Vanquished Creatures
  2 orc priests (D:2)
  Natasha (D:2)
  An adder (D:2)
  2 dart slugs (D:1)
  2 leopard geckos (D:1)
  4 orcs (D:2)
  A bat (D:2)
  A giant cockroach (D:2)
  5 hobgoblins
  A quokka (D:2)
  4 frilled lizards (D:1)
  4 goblins (D:2)
  5 kobolds (D:1)
  5 rats (D:1)
38 creatures vanquished.

Notes
Turn   | Place    | Note
-------+----------+-------------------------------------------
     0 | D:1      | Reached skill level 10 in Fighting
     0 | D:1      | D1HalberdGnoll the Gnoll Wanderer began the quest for the
                  | Orb.
     0 | D:1      | D1HalberdGnoll set off with: a +2 leather armour, a +0 hand
                  | axe, a scroll of teleportation, a +0 dagger, a ration
     0 | D:1      | Reached XP level 1. HP: 28/28 MP: 1/1
   130 | D:1      | Reached XP level 2. HP: 34/36 MP: 2/2
   515 | D:1      | Reached XP level 3. HP: 40/42 MP: 3/3
  1139 | D:2      | Reached skill level 1 in Invocations
  1140 | D:2      | Noticed Natasha
  1149 | D:2      | Killed Natasha
  1149 | D:2      | Reached skill level 1 in Short Blades
  1149 | D:2      | Reached skill level 1 in Long Blades
  1149 | D:2      | Reached skill level 1 in Maces & Flails
  1149 | D:2      | Reached skill level 1 in Polearms
  1149 | D:2      | Reached skill level 1 in Staves
  1149 | D:2      | Reached skill level 1 in Slings
  1149 | D:2      | Reached skill level 1 in Bows
  1149 | D:2      | Reached skill level 1 in Crossbows
  1149 | D:2      | Reached skill level 1 in Throwing
  1149 | D:2      | Reached skill level 1 in Armour
  1149 | D:2      | Reached skill level 1 in Shields
  1149 | D:2      | Reached skill level 1 in Unarmed Combat
  1149 | D:2      | Reached skill level 1 in Spellcasting
  1149 | D:2      | Reached skill level 1 in Evocations
  1149 | D:2      | Reached XP level 4. HP: 38/48 MP: 5/5
  1254 | D:2      | Reached skill level 1 in Conjurations
  1254 | D:2      | Reached skill level 1 in Hexes
  1254 | D:2      | Reached skill level 1 in Charms
  1254 | D:2      | Reached skill level 1 in Summonings
  1254 | D:2      | Reached skill level 1 in Necromancy
  1254 | D:2      | Reached skill level 1 in Translocations
  1254 | D:2      | Reached skill level 1 in Transmutations
  1254 | D:2      | Reached skill level 1 in Fire Magic
  1254 | D:2      | Reached skill level 1 in Ice Magic
  1254 | D:2      | Reached skill level 1 in Air Magic
  1254 | D:2      | Reached skill level 1 in Earth Magic
  1254 | D:2      | Reached skill level 1 in Poison Magic
  1254 | D:2      | Reached XP level 5. HP: 27/54 MP: 5/7
  1260 | D:2      | Noticed Natasha
  1264 | D:2      | Slain by an orc wizard

Skill      XL: |  1  2  3  4 |
---------------+-------------+-----
Fighting       | | 10.4
Stealth        | 6 |  6.1
Invocations    | 1 |  1.5
Short Blades   | 1 |  1.3
Long Blades    | 1 |  1.3
Maces & Flails | 1 |  1.3
Polearms       | 1 |  1.3
Staves         | 1 |  1.3
Slings         | 1 |  1.3
Bows           | 1 |  1.3
Crossbows      | 1 |  1.3
Throwing       | 1 |  1.3
Armour         | 1 |  1.3
Shields        | 1 |  1.3
Unarmed Combat | 1 |  1.3
Spellcasting   | 1 |  1.3
Evocations     | 1 |  1.3
Conjurations   | 1 |  1.1
Hexes          | 1 |  1.1
Charms         | 1 |  1.1
Summonings     | 1 |  1.1
Necromancy     | 1 |  1.1
Translocations | 1 |  1.1
Transmutations | 1 |  1.1
Fire Magic     | 1 |  1.1
Ice Magic      | 1 |  1.1
Air Magic      | 1 |  1.1
Earth Magic    | 1 |  1.1
Poison Magic   | 1 |  1.1
Axes           | |  2.9
Dodging        | |  2.9

Action                   |  1- 3 |  4- 6 || total
-------------------------+-------+-------++-------
Melee: Hand axe          |    81 |    33 ||   114
       Bite              |    13 |     4 ||    17
  Use: Scroll            |     3 |     1 ||     4
       Potion            |       |     3 ||     3
 Stab: Sleeping          |     9 |       ||     9
  Eat: Chunk             |     1 |       ||     1
Armor: Leather armour    |    25 |     8 ||    33
Dodge: Dodged            |    46 |    27 ||    73
